 Dungeon Crawl Stone Soup version 0.28.0-43-g3370ac3207 (webtiles) character file.

Game seed: 15402309572540968686

31279 pkoi the Destroyer (level 13, -2/86 HPs)
             Began as a Grey Draconian Conjurer on Feb 28, 2022.
             Was a High Priest of Sif Muna.
             Slain by a gargoyle
             ... wielding a +0 morningstar
              (17 damage)
             ... on level 5 of the Lair of Beasts.
             The game lasted 00:39:10 (31343 turns).

pkoi the Destroyer (Grey Draconian Conjurer)       Turns: 31343, Time: 00:39:10

Health: -2/86      AC: 17    Str: 10    XL:     13   Next: 25%
Magic:  15/25      EV: 14    Int: 22    God:    Sif Muna [*****.]
Gold:   955        SH:  0    Dex: 11    Spells: 5/28 levels left

rFire   . . .      SeeInvis .   k - +2 dagger (venom)
rCold   . . .      Faith    .   (no shield)
rNeg    . . .      Spirit   .   (armour unavailable)
rPois   +          Reflect  .   y - +1 hat
rElec   .          Harm     .   w - +0 cloak {rPois}
rCorr   .          Rampage  .   b - +0 pair of gloves
Will    .....                   p - +0 pair of boots
Stlth   ++........              c - amulet of regeneration
HPRegen 1.04/turn               e - ring of poison resistance
MPRegen 0.19/turn               g - ring of flight

@: lethally poisoned (-2 -> -2), about to teleport, flying, studying
Transmutations
A: AC +13, amphibious, unfitting armour, cold-blooded
a: Renounce Religion, Channel Magic, Forget Spell, Divine Exegesis


You were on level 5 of the Lair of Beasts.
You worshipped Sif Muna.
Sif Muna was extremely pleased with you.
You visited 3 branches of the dungeon, and saw 18 of its levels.
You also visited: Volcano.

You collected 1003 gold pieces.
You spent 48 gold pieces at shops.

Inventory:

Hand Weapons
 a - a +1 dagger
 k - a +2 dagger of venom (weapon)
Missiles
 d - 2 silver boomerangs
 n - 2 throwing nets
Armour
 b - a +0 pair of gloves (worn)
 p - a +0 pair of boots (worn)
 w - a +0 cloak of poison resistance (worn)
 x - a scarf of repulsion
 y - a +1 hat (worn)
Jewellery
 c - an amulet of regeneration (around neck)
 e - a ring of poison resistance (left hand)
 g - a ring of flight (right hand)
 I - an amulet of magic regeneration
Wands
 m - a wand of iceblast (7)
 o - a wand of digging (3)
 C - a wand of mindburst (3)
 E - a wand of polymorph (7)
 F - a wand of acid (2)
 G - a wand of paralysis (21)
 H - a wand of flame (20)
Scrolls
 f - 4 scrolls of enchant weapon
 h - 5 scrolls of fog
 j - 4 scrolls of identify
 q - 7 scrolls of teleportation
 s - 2 scrolls of holy word
 u - 4 scrolls of silence
 A - a scroll of magic mapping
 B - a scroll of brand weapon
Potions
 i - 2 potions of magic
 l - 2 potions of might
 r - 4 potions of curing
 t - 5 potions of heal wounds
 v - 2 potions of ambrosia
 z - 2 potions of berserk rage
 J - a potion of cancellation
 K - 2 potions of haste


   Skills:
 + Level 6.5 Dodging
 - Level 1.7 Stealth
 + Level 8.0 Spellcasting
 + Level 14.5 Conjurations
 - Level 4.0 Translocations
 - Level 9.0 Transmutations
 - Level 6.1 Fire Magic
 - Level 3.1 Air Magic
 + Level 5.1 Earth Magic
 - Level 6.0 Poison Magic
 + Level 7.3 Invocations


You had 5 spell levels left.
You knew the following spells:

 Your Spells              Type           Power      Damage    Failure   Level
a - Magic Dart            Conj           100%       1d8       1%          1
b - Searing Ray           Conj           100%       2d8       1%          2
c - Iskenderun's Battles  Conj           64%        2d11      1%          5
d - Iskenderun's Mystic   Conj/Tloc      49%        2d11      1%          4
e - Ignite Poison         Fire/Tmut/Pois 39%        N/A       1%          3
f - Poisonous Vapours     Pois/Air       56%        N/A       1%          2
g - Iron Shot             Conj/Erth      25%        9d5       21%         6

Your spell library contained the following spells:

 Spells                   Type           Power      Damage    Failure   Level
 Shock                    Conj/Air       100%       1d9       1%          1
 Conjure Flame            Conj/Fire      53%        6-21      1%          3
 Dazzling Flash           Conj/Hex       80%        N/A       1%          3
 Sticky Flame             Conj/Fire      53%        2d7       1%          4
 Fulminant Prism          Conj/Hex       20%        3d13      3%          4
 Corpse Rot               Necr/Air       30%        N/A       6%          2
 Slow                     Hex            32%        N/A       8%          1
 Ice Form                 Ice/Tmut       28%        N/A       12%         4
 Confusing Touch          Hex            8%         N/A       22%         3
 Frozen Ramparts          Ice            16%        1d3       22%         3
 Vampiric Draining        Necr           8%         2d6       22%         3
 Summon Ice Beast         Ice/Summ       8%         N/A       58%         4
 Summon Mana Viper        Hex/Summ       8%         N/A       90%         5
 Orb of Destruction       Conj           32%        9d10      16%         7
 Spellforged Servitor     Conj/Summ      20%        N/A       97%         7
 Monstrous Menagerie      Summ           4%         N/A       100%        7


Dungeon Overview and Level Annotations

Branches:
Dungeon (12/15)            Temple (1/1) D:4            Lair (6/6) D:10
    Orc (0/2) D:11        Volcano (visited)
  Swamp: Lair:2-4    Shoals: Lair:2-4     Snake: Lair:2-4    Spider: Lair:2-4
  Slime: Lair:5-6

Altars:
Ashenzari
Cheibriados
Dithmenos
Elyvilon
Fedhas
Gozag
Hepliaklqana
Kikubaaqudgha
Makhleb
Nemelex Xobeh
Okawaru
Qazlal
Ru
Sif Muna
Trog
Uskayaw
Vehumet
Wu Jian
Xom
Yredelemnul
Zin
The Shining One

Shops:
D:2 (   D:5 [   D:8 *   D:12 *

Portals:
Trove: D:11 (give +2 fire dragon scales)

Annotations:
D:6 2 transporters, Menkaure


Innate Abilities, Weirdness & Mutations

Your dull iron-grey scales are very hard. (AC +13)
You are amphibious.
You cannot fit into any form of body armour.
You are cold-blooded and may be slowed by cold attacks.


Message History

The barrage of energy hits the gargoyle but does no damage.
The gargoyle hurls a stone arrow at you.
The stone arrow hits your battlesphere!!
Your battlesphere is destroyed!
The magic dart hits the salamander but does no damage.
The salamander is lightly wounded.
Unknown command.
The magic dart hits the salamander.
The salamander is lightly wounded.
The salamander hits you from afar with a +3 trident of venom.
You are engulfed in flames!
* * * LOW HITPOINT WARNING * * *
Unknown command.
There is a rocky tunnel leading out of this place here.
The salamander hits you but does no damage.
You are poisoned.
The gargoyle hurls a stone arrow at you.
The stone arrow misses you.
Welcome back to the Lair of Beasts!
You feel very sick. The death yak gores you!!
* * * LOW HITPOINT WARNING * * *
The death yak misses you. The death yak barely misses you.
There is a collapsed entrance, spattered with blood here.
As you read the scroll of teleportation, it crumbles to dust.
You feel strangely unstable.
You feel sick. The death yak gores you!
* * * LOW HITPOINT WARNING * * *
The death yak gores you!!
* * * LOW HITPOINT WARNING * * *
Unknown command.
Blink to where?
Press: ? - help, Dir - move target
As you read the scroll of blinking, it crumbles to dust.
You feel sick.
The catoblepas bellows!
The catoblepas closely misses you.
You feel sick.
You feel sick.
The gargoyle hits you with a +0 morningstar!
You die...

...........##..###.P.#.....
.P......######..##.........
..####### #...#..#Y.##..... ..
##......#..Y......
#......##...#P.... #..
.....##.....###Y.#...... .....
#....##Y..#.# #.........
#....##....##.Y#### #..#......
#...#..#P.##@9..## #P.##.....
##...#......##YY..# #...#.....
#...........###..####P.##.....
##............#######.hYY......
#..............#####...........
#.............................
##............................
#......#......................
#P...#.P..#......##..#..##....


You could see 3 death yaks, a catoblepas and a gargoyle.

Vanquished Creatures
  Josephine (D:11)
  4 hydras
  2 boulder beetles (D:11)
  4 two-headed ogres
  Nergalle (D:12)
  A skeletal warrior (D:12)
  An orc knight (D:12)
  2 ugly things (D:11)
  4 cyclopes
  A salamander (Volcano)
  A manticore (D:12)
  3 black mambas
  Joseph (D:7)
  5 cane toads
  2 gargoyles
  7 komodo dragons
  A guardian mummy (D:11)
  A troll (D:10)
  A polar bear (Lair:2)
  A hornet (D:9)
  9 blink frogs
  Sigmund (D:4)
  2 shadows
  6 wraiths
  4 wyverns
  15 yaks
  2 basilisks
  3 vampire mosquitoes (D:11)
  6 wargs
  7 acid dragons
  9 water moccasins
  7 orc warriors
  A hornet zombie (D:8)
  A black bear (D:6)
  4 ogres
  3 centaurs
  2 phantoms
  3 wolves (Lair:1)
  4 kobold brigands
  9 bullfrogs
  2 scorpions
  2 gnoll sergeants
  A water moccasin zombie (D:6)
  A wyvern skeleton (D:7)
  A water moccasin skeleton (D:5)
  6 killer bees (D:9)
  9 wights
  A bullfrog zombie (D:6)
  A crimson imp (D:10)
  3 hounds
  2 centaur zombies
  A gnoll shaman (D:9)
  2 jellies (D:4)
  6 orc priests
  A bullfrog skeleton (D:4)
  Crazy Yiuf (D:3)
  An iron imp (D:6)
  A centaur skeleton (D:5)
  Jessica (D:2)
  4 iguanas
  12 orc wizards
  8 hell rats (Lair:2)
  A killer bee zombie (D:6)
  A hound zombie (D:5)
  A hound skeleton (D:5)
  19 gnolls
  12 adders
  12 river rats (Lair:2)
  A shadow imp (D:7)
  A white imp (D:10)
  2 adder skeletons
  3 dart slugs (D:1)
  27 orcs
  8 ball pythons
  3 endoplasms
  6 giant cockroaches
  11 goblins
  10 hobgoblins
  4 jackals (D:4)
  15 kobolds
  5 quokkas
  4 bats
  4 frilled lizards
  17 rats
376 creatures vanquished.

Vanquished Creatures (others)
  A centaur skeleton (D:4)
  A butterfly (D:8)
  19 fungi
  14 plants
35 creatures vanquished.

Grand Total: 411 creatures vanquished

Notes
Turn   | Place    | Note
-------+----------+-------------------------------------------
     0 | D:1      | pkoi the Draconian Conjurer began the quest for the Orb.
     0 | D:1      | Reached XP level 1. HP: 14/14 MP: 3/3
   431 | D:1      | Reached XP level 2. HP: 16/20 MP: 3/5
   539 | D:1      | Found a faded altar of an unknown god.
  1401 | D:1      | Reached XP level 3. HP: 23/26 MP: 1/6
  1821 | D:2      | Found Exkiofea's Antique Weapon Shop.
  1932 | D:2      | Learned a level 2 spell: Searing Ray
  2026 | D:2      | Reached XP level 4. HP: 33/33 MP: 2/7
  2206 | D:2      | Noticed Jessica
  2212 | D:2      | Killed Jessica
  2213 | D:2      | Reached skill level 5 in Conjurations
  2951 | D:3      | Found a sacrificial altar of Ru.
  3424 | D:3      | Found a runed translucent door.
  3425 | D:3      | Noticed Crazy Yiuf
  3624 | D:3      | Reached XP level 5. HP: 17/38 MP: 2/9
  4481 | D:4      | Found a shimmering blue altar of Sif Muna.
  4520 | D:4      | Became a worshipper of Sif Muna the Loreminder
  4548 | D:4      | Noticed Sigmund
  4562 | D:4      | Killed Sigmund
  4563 | D:4      | Reached skill level 6 in Conjurations
  4563 | D:4      | Reached XP level 6. HP: 24/45 MP: 4/11
  4620 | D:4      | Found a faded altar of an unknown god.
  4621 | D:4      | Found a hazy altar of Hepliaklqana.
  5294 | D:4      | Your scales start taking on a dull iron-grey colour.
  5294 | D:4      | Reached XP level 7. HP: 50/50 MP: 7/12
  5676 | D:4      | Found a staircase to the Ecumenical Temple.
  6108 | D:4      | Reached skill level 7 in Conjurations
  6606 | D:5      | Entered Level 5 of the Dungeon
  6619 | D:4      | Learned a level 5 spell: Iskenderun's Battlesphere
  6793 | D:5      | Found Ricimud's Armour Boutique.
  7234 | D:5      | Reached * piety under Sif Muna
  7258 | D:5      | Reached skill level 8 in Conjurations
  7258 | D:5      | Reached XP level 8. HP: 28/57 MP: 2/14
  7841 | D:5      | Reached skill level 9 in Conjurations
  8159 | D:5      | Learned a level 4 spell: Iskenderun's Mystic Blast
  8912 | D:6      | Identified the +2 chain mail of the Nexus {Harm Str+4}
  8921 | D:6      | Reached skill level 1 in Transmutations
  9058 | D:6      | Reached skill level 1 in Translocations
  9155 | D:6      | Identified the +2 ring mail "Isedd" {Regen+}
 10051 | D:6      | Found a transporter.
 10122 | D:6      | Found a basalt altar of Yredelemnul.
 10314 | D:6      | Learned a level 3 spell: Ignite Poison
 10316 | D:6      | Noticed Menkaure
 10324 | D:6      | Identified the +1 chain mail of Umesolac {*Slow rElec rCorr
                  | Dex+7}
 10325 | D:6      | Found a transporter.
 10469 | D:6      | Found an ancient bone altar of Kikubaaqudgha.
 10547 | D:6      | Found a burning altar of Makhleb.
 11015 | D:6      | Reached XP level 9. HP: 59/62 MP: 16/16
 11021 | D:6      | Learned a level 2 spell: Poisonous Vapours
 11554 | D:7      | Found a stormy altar of Qazlal.
 11790 | D:7      | Reached skill level 1 in Fire Magic
 11976 | D:7      | Noticed Joseph
 12063 | D:7      | Reached skill level 1 in Poison Magic
 12395 | D:8      | Reached skill level 5 in Spellcasting
 12568 | D:8      | Reached skill level 1 in Air Magic
 12574 | D:8      | Reached skill level 5 in Dodging
 13160 | D:8      | Identified the +1 ring mail of Snakes and Ladders {+Inv}
 13215 | D:8      | Found Zin's Purification Station.
 13218 | D:8      | Found a glowing silver altar of Zin.
 13296 | D:8      | Reached ** piety under Sif Muna
 13390 | D:8      | Noticed a two-headed ogre
 13412 | D:8      | Killed a two-headed ogre
 13413 | D:8      | Reached skill level 10 in Conjurations
 13413 | D:8      | Reached skill level 5 in Transmutations
 13925 | D:8      | Found a white marble altar of Elyvilon.
 14640 | D:9      | Reached XP level 10. HP: 55/69 MP: 11/18
 14975 | D:9      | Noticed a two-headed ogre
 14983 | D:9      | Killed a two-headed ogre
 15275 | D:9      | Noticed a two-headed ogre
 15290 | D:9      | Killed a two-headed ogre
 15291 | D:9      | Reached skill level 11 in Conjurations
 15781 | D:9      | Noticed a two-headed ogre
 15803 | D:9      | Killed a two-headed ogre
 15804 | D:9      | Reached skill level 12 in Conjurations
 17204 | D:3      | Killed Crazy Yiuf
 17639 | D:7      | Killed Joseph
 18064 | Temple   | Entered the Ecumenical Temple
 18441 | D:10     | Entered Level 10 of the Dungeon
 18852 | D:10     | Found a staircase to the Lair.
 18881 | D:10     | Reached XP level 11. HP: 74/74 MP: 12/20
 19545 | D:10     | Found a sparkling altar of Nemelex Xobeh.
 19614 | D:10     | Reached *** piety under Sif Muna
 19684 | D:10     | Found a shadowy altar of Dithmenos.
 20479 | D:10     | Reached skill level 13 in Conjurations
 20638 | D:11     | Found a staircase to the Orcish Mines.
 20653 | D:11     | Noticed Josephine
 20842 | D:11     | Noticed a four-headed hydra
 21311 | D:11     | Noticed a white ugly thing
 21318 | D:11     | Killed a white ugly thing
 21538 | D:11     | Reached skill level 1 in Invocations
 21772 | D:11     | Noticed a boulder beetle
 21803 | D:11     | Killed a boulder beetle
 21954 | D:11     | Killed a four-headed hydra
 21955 | D:11     | Reached skill level 5 in Fire Magic
 21955 | D:11     | Reached skill level 5 in Poison Magic
 22038 | D:11     | Found a portal to a secret trove of treasure.
 22329 | D:11     | Killed Josephine
 22532 | D:11     | Noticed a boulder beetle
 22542 | D:11     | Killed a boulder beetle
 22988 | D:11     | Noticed a green ugly thing
 22994 | D:11     | Killed a green ugly thing
 23311 | D:12     | Noticed a six-headed hydra
 23318 | D:12     | Killed a six-headed hydra
 23319 | D:12     | Reached XP level 12. HP: 74/81 MP: 7/21
 23609 | D:12     | Noticed a five-headed hydra
 23615 | D:12     | Killed a five-headed hydra
 24499 | D:12     | Noticed Nergalle
 24507 | D:12     | Noticed a death knight
 24516 | D:12     | Killed Nergalle
 24517 | D:12     | Reached skill level 5 in Invocations
 24750 | D:12     | Found Pumy's CLEARANCE SALE!.
 24758 | D:12     | Bought a potion of curing for 18 gold pieces
 24758 | D:12     | Bought a potion of heal wounds for 30 gold pieces
 24868 | D:11     | Learned a level 6 spell: Iron Shot
 25140 | Lair:1   | Entered Level 1 of the Lair of Beasts
 25233 | Lair:1   | Reached skill level 1 in Earth Magic
 25894 | Lair:1   | Reached skill level 14 in Conjurations
 26439 | Lair:1   | Reached **** piety under Sif Muna
 27825 | Lair:2   | Noticed a seven-headed hydra
 28288 | Lair:2   | Killed a seven-headed hydra
 28672 | Lair:2   | Reached XP level 13. HP: 86/86 MP: 14/24
 29433 | Lair:2   | Reached ***** piety under Sif Muna
 29578 | Lair:2   | Received a gift from Sif Muna
 29579 | Lair:2   | Got Ficulyq's Catalogue of Battle Magic {god gift}
 30737 | Lair:3   | You are sucked into a shaft and drop 3 floors!
 30737 | Lair:6   | Entered Level 6 of the Lair of Beasts
 30954 | Lair:5   | Found a dark tunnel.
 30959 | Volcano  | Entered a volcano
 31123 | Volcano  | Reached skill level 5 in Earth Magic
 31343 | Lair:5   | Slain by a gargoyle

Illustrated notes

Levels and vault maps discovered:
D:1:      tarquinn_simple_flora_water_e, layout_loops_cross,
          shapermc_ecumenical_altar_petra, minmay_worlds_worst_comb
D:2:      layout_basic, serial_shops, shop, uniq_jessica
D:3:      layout_loops_ring, mainiacjoe_overflow_alcove_1, corexii_corridor_pit,
          uniq_crazy_yiuf_cottage
D:4:      layout_basic, beargit_hepliaklqana_dungeon_heroes,
          nicolae_sif_muna_condensation, lemuel_temple_firewalk_b, st_stairs_11
D:5:      layout_basic, minmay_misc_feat_more_columns, minmay_shop_grid_forest,
          skrybe_limestone_x, grunt_ministairs_10, minmay_misc_feat_enclosed,
          corexii_hall_statues_x, minmay_manual_mess
D:6:      layout_basic, gammafunk_temple_of_torment, makhleb_grotto_becter
D:7:      layout_loops_cross, lemuel_crystal_altar, small_statue_intersection,
          hex_medium, uniq_joseph
D:8:      layout_basic, zin_purify, nicolae_elyvilon_peaceful_grove, st_stairs_5
D:9:      layout_basic, grunt_decor_junction
D:10:     layout_stronghold, nicolae_dithmenos_the_darkroom, marbit_many_paths,
          erik_lair_orcish_takeover, minmay_fire_ice_demons
D:11:     layout_irregular_city, minmay_orc_entry_guard_dogs,
          nicolae_trove_entry_path_of_doom, uniq_josephine
D:12:     layout_big_octagon, nicolae_shop_clearance, uniq_nergalle
Temple:   grunt_temple_mini_profane
Lair:1:   layout_misc_corridors, lemuel_fruit_tree
Lair:2:   lemuel_ratsnest, layout_regular_city
Lair:3:   layout_chaotic_city, infiniplex_staircase_pool_2
Lair:5:   layout_regular_city, nicolae_volcano_entry_s_turn
Lair:6:   minmay_lair_end_enchanted_forest, layout_gridlike, slime_altar_1

Skill      XL: |  1  2  3  4  5  6  7  8  9 10 11 12 13 |
---------------+----------------------------------------+-----
Dodging        | 2 3 4 5 6 |  6.5
Conjurations   | 5 6 8 9 10 12 13 14 | 14.5
Spellcasting   | 3 4 5 6 7 8 |  8.0
Transmutations | 3 5 6 9 |  9.0
Translocations | 2 3 4 |  4.0
Fire Magic     | 2 3 5 6 |  6.1
Poison Magic   | 2 3 5 6 |  6.0
Air Magic      | 2 3 |  3.1
Invocations    | 3 6 7 |  7.3
Earth Magic    | 4 5 |  5.1
Stealth        | |  1.7

Action                   |  1- 3 |  4- 6 |  7- 9 | 10-12 | 13-15 || total
-------------------------+-------+-------+-------+-------+-------++-------
Melee: Unarmed           |     9 |       |       |       |       ||     9
       Dagger            |     7 |    11 |    71 |    75 |    40 ||   204
       Tailslap          |     3 |       |     6 |    20 |     4 ||    33
       Punch             |       |       |       |     2 |     1 ||     3
 Cast: Magic Dart        |    58 |    84 |   221 |   341 |   107 ||   811
       Searing Ray       |       |     4 |    45 |     5 |     3 ||    57
       Poisonous Vapours |       |       |     8 |    65 |     7 ||    80
       Ignite Poison     |       |       |     2 |    27 |     6 ||    35
       Iskenderun's Batt |       |       |       |    71 |    17 ||    88
       Iskenderun's Myst |       |       |       |    25 |     6 ||    31
Invok: Channel Magic     |       |       |       |     1 |       ||     1
  Use: Potion            |       |     4 |     2 |       |       ||     6
       Scroll            |       |       |    13 |     6 |     3 ||    22
 Stab: Sleeping          |       |       |     1 |       |       ||     1
Armor: Skin              |     3 |     5 |    76 |   120 |    36 ||   240
Dodge: Dodged            |    10 |    25 |   127 |   142 |    67 ||   371
